 Dungeon Crawl Stone Soup version 0.29.1-1-gd02db6906a (webtiles) character file.

Game seed: 4433041248472852201

175 GeoRichter the Grave Robber (level 5, -7/28 HPs)
             Began as a Deep Elf Necromancer on Oct 17, 2022.
             Mangled by a two-headed ogre
             ... wielding a +0 giant spiked club
              (35 damage)
             ... on level 5 of the Dungeon.
             The game lasted 00:07:37 (4057 turns).

GeoRichter the Grave Robber (Deep Elf Necromancer)  Turns: 4057, Time: 00:07:38

Health: -7/28      AC:  4    Str:  5    XL:     5   Next: 29%
Magic:  7/14       EV: 11    Int: 22    God:
Gold:   373        SH:  0    Dex: 15    Spells: 5/13 levels left

rFire   . . .      SeeInvis .   j - +0 dagger (venom)
rCold   . . .      Faith    .   (no shield)
rNeg    . . .      Spirit   .   i - +0 leather armour
rPois   +          Reflect  .   (no helmet)
rElec   .          Harm     .   q - scarf {shadows}
rCorr   .          Rampage  .   s - +0 pair of gloves
Will    .....                   (no boots)
Stlth   ++........              (no amulet)
HPRegen 0.09/turn               m - ring of poison resistance
MPRegen 0.14/turn               (no ring)

@: no status effects
A: no striking features
a: no special abilities


You were on level 5 of the Dungeon.
You visited 1 branch of the dungeon, and saw 5 of its levels.

You collected 373 gold pieces.

Inventory:

Hand Weapons
 j - a +0 dagger of venom (weapon)
   (You took it off a kobold on level 2 of the Dungeon)
Armour
 i - a +0 leather armour (worn)
   (You found it on level 2 of the Dungeon)
 q - a scarf of shadows (worn)
   (You found it on level 3 of the Dungeon)
 s - a +0 pair of gloves (worn)
   (You found it on level 3 of the Dungeon)
Jewellery
 m - a ring of poison resistance (left hand)
   (You found it on level 2 of the Dungeon)
Wands
 a - a wand of flame (22)
   (You found it on level 4 of the Dungeon)
 k - a wand of polymorph (5)
   (You found it on level 2 of the Dungeon)
Scrolls
 d - a scroll of summoning {unknown}
 e - a scroll of enchant weapon {unknown}
 f - 2 scrolls of identify {unknown}
 h - a scroll of poison {unknown}
 l - a scroll of fear {unknown}
 o - 2 scrolls of teleportation {unknown}
 t - a scroll of vulnerability {unknown}
 v - a scroll of amnesia {unknown}
 x - a scroll of magic mapping {unknown}
Potions
 b - 3 potions of magic
 c - 2 potions of cancellation {unknown}
 g - 2 potions of curing {unknown}
 n - a potion of invisibility {unknown}
 p - 2 potions of brilliance {unknown}
 r - a potion of might {unknown}
 u - a potion of attraction {unknown}
 w - a potion of haste {unknown}


   Skills:
 - Level 2.4 Dodging
 - Level 2.4 Stealth
 + Level 4.9 Spellcasting
 * Level 7.1 Necromancy


You had 5 spell levels left.
You knew the following spells:

 Your Spells              Type           Power      Damage    Failure   Level
a - Necrotise             Necr           100%       1d9       1%          1
b - Vampiric Draining     Necr           36%        2d8       2%          3
c - Animate Dead          Necr           36%        N/A       9%          4

Your spell library contained the following spells:

 Spells                   Type           Power      Damage    Failure   Level
 Agony                    Necr           36%        N/A       26%         5


Dungeon Overview and Level Annotations

Branches:
Dungeon (5/15) Zot: 25937
 Temple: D:4-7

Altars:
Gozag
Hepliaklqana
Trog
Xom
Yredelemnul
The Shining One

Annotations:
D:4 3 runed translucent doors, Demigod47's ghost, novice MiFi
D:5 exclusion: necrophage, Ijyb


Message History

Okay, then.
The hound barks!
That's the wrong kind of item! (Use * to select it.) Fire/throw/use which item? ([*] to toss any item) (? for menu, Esc to quit)
That's the wrong kind of item! (Use * to select it.) Fire/throw/use which item? ([*] to toss any item) (? for menu, Esc to quit)
You don't have any such object.
Fire/throw/use which item? ([*] to toss any item) (? for menu, Esc to quit)
You don't have any such object.
Fire/throw/use which item? ([*] to toss any item) (? for menu, Esc to quit)
That's the wrong kind of item! (Use * to select it.) Fire/throw/use which item? ([*] to toss any item) (? for menu, Esc to quit)
Okay, then.
The hound writhes in agony.
The hound writhes in agony!
The hound pauses to sniff the ground.
The hound bites you but does no damage.
The hound writhes in agony.
You kill the hound!
The dead are walking!
Your Necromancy skill increases to level 7!
This spell is quite dangerous to cast!
Memorise Animate Dead, consuming 4 spell levels and leaving 5?
You start memorising the spell.
You continue memorising. x4
You finish memorising.
Spell assigned to 'c'.
You open the door.
There is an open door here.
There is an open door here.
There is an open door here.
Found a glowing green potion.
Found a scroll labelled PODEQ GOMER.
Your hound skeleton crumbles into dust!
w - a glowing green potion
x - a scroll labelled PODEQ GOMER A two-headed ogre comes into view.
It is wielding a +0 giant spiked club and a +0 dire flail.
Found 3 stones.
You can't see any susceptible monsters within range! (Use Z to cast anyway.) Unknown command.
Aim: a two-headed ogre, wielding a +0 giant spiked club and a +0 dire flail (asleep, 100% to hit)
The puff of flame hits the two-headed ogre!
The two-headed ogre shouts in stereo!
The two-headed ogre writhes in agony.
The two-headed ogre writhes in agony!
The two-headed ogre struggles to resist.
The two-headed ogre writhes in agony!
Aim: a two-headed ogre, wielding a +0 giant spiked club and a +0 dire flail (heavily wounded)
You draw life force from the two-headed ogre!
The two-headed ogre hits you with a +0 giant spiked club!!
Ouch! That really hurt!
You die...

#.## .# #.# #..#
##.#...# ##....#
# ####..#### .#
..#.....## ...
.........## (...
..........#.....
.........@O.....
..........#.....
..........#.....
..........# ###
.........##
.#.....## ####..


You could see a two-headed ogre.

Vanquished Creatures
  A hound (D:5)
  An iguana (D:4)
  4 adders
  A white imp (D:5)
  An adder zombie (D:3)
  5 worms
  An orc (D:4)
  4 ball pythons
  2 endoplasms
  11 goblins
  5 hobgoblins
  7 jackals
  5 kobolds
  3 quokkas
  2 bats
  2 frilled lizards
  A quokka zombie (D:3)
  5 rats
61 creatures vanquished.

Vanquished Creatures (others)
  4 toadstools (D:1)
4 creatures vanquished.

Grand Total: 65 creatures vanquished

Notes
Turn   | Place    | Note
-------+----------+-------------------------------------------
     0 | D:1      | GeoRichter the Deep Elf Necromancer began the quest for the
                  | Orb.
     0 | D:1      | Reached XP level 1. HP: 10/10 MP: 6/6
    36 | D:1      | Reached skill level 5 in Necromancy
    39 | D:1      | Reached XP level 2. HP: 15/15 MP: 0/8
   280 | D:1      | Found a faded altar of an unknown god.
  1034 | D:2      | Reached XP level 3. HP: 19/19 MP: 7/10
  1038 | D:2      | Learned a level 3 spell: Vampiric Draining
  1199 | D:2      | Reached skill level 6 in Necromancy
  1498 | D:2      | Reached XP level 4. HP: 24/24 MP: 8/12
  1570 | D:2      | Found a shimmering altar of Xom.
  2346 | D:3      | Found a basalt altar of Yredelemnul.
  2376 | D:3      | Found a hazy altar of Hepliaklqana.
  3072 | D:4      | Found a runed translucent gate.
  3072 | D:4      | Found a runed translucent gate.
  3072 | D:4      | Found a runed translucent gate.
  3079 | D:4      | Noticed Demigod47's ghost (novice MiFi)
  3165 | D:4      | Reached XP level 5. HP: 28/28 MP: 10/13
  3432 | D:4      | Found a glowing golden altar of the Shining One.
  3602 | D:4      | Found a bloodstained altar of Trog.
  3676 | D:5      | Entered Level 5 of the Dungeon
  3709 | D:5      | Noticed Ijyb
  3720 | D:5      | Found an opulent altar of Gozag.
  4008 | D:5      | Reached skill level 7 in Necromancy
  4013 | D:5      | Learned a level 4 spell: Animate Dead
  4051 | D:5      | Noticed a two-headed ogre
  4057 | D:5      | Mangled by a two-headed ogre

Illustrated notes

Levels and vault maps discovered:
D:1:      mrwooster_arrival_arrow, layout_loops_ring,
          shapermc_ecumenical_altar_pompeii, serial_bayou_ford_a,
          grunt_decor_resistance, hangedman_decor_points,
          minmay_gold_behind_fungi, glass_columns_c
D:2:      layout_basic, basic_altar, minmay_goblin_kobold_house
D:3:      layout_basic, mainiacjoe_overflow_small_starburst,
          lemuel_zombie_altar_yredelemnul
D:4:      layout_basic, tso_metal_star, trog_book, gammafunk_ghost_necromancy
D:5:      layout_rooms, lemuel_mausoleum_altar_kikubaaqudgha,
          mainiacjoe_overflow_24_doors, uniq_menkaure, uniq_blork_the_orc,
          uniq_ijyb

Skill      XL: |  1  2  3  4  5 |
---------------+----------------+-----
Necromancy     | 5 6 7 |  7.1
Spellcasting   | 4 |  4.9
Dodging        | |  2.4
Stealth        | |  2.4

Action                   |  1- 3 |  4- 6 || total
-------------------------+-------+-------++-------
Melee: Club              |     1 |       ||     1
       Dagger            |       |    40 ||    40
 Cast: Necrotise         |    57 |    49 ||   106
       Vampiric Draining |       |     1 ||     1
Evoke: Wand              |       |     1 ||     1
Armor: Leather armour    |       |    10 ||    10
Dodge: Dodged            |     4 |    21 ||    25
